 Dungeon Crawl Stone Soup version 0.28-a0-1032-ga8db75c868 (webtiles) character file.

Game seed: 12116276522786767549

144 Htamos the Skirmisher (level 5, -2/70 HPs)
             Began as a Minotaur Monk on Dec 7, 2021.
             Killed from afar by an orc wizard (8 damage)
             ... with a magic dart
             ... on level 3 of the Dungeon on Dec 8, 2021.
             The game lasted 00:11:52 (2577 turns).

Htamos the Skirmisher (Minotaur Monk)               Turns: 2577, Time: 00:11:53

Health: -2/70      AC: 22    Str: 18    XL:     5   Next: 5%
Magic:  4/4        EV:  2    Int:  7    God:
Gold:   118        SH:  0    Dex: 12    Spells: 4/4 levels left

rFire   . . .      SeeInvis .   a - +0 hand axe
rCold   . . .      Faith    .   (no shield)
rNeg    . . .      Spirit   .   (armour currently unavailable)
rPois   +          Reflect  .   (helmet currently unavailable)
rElec   .          Harm     .   (cloak currently unavailable)
rCorr   .          Rampage  .   (gloves currently unavailable)
Will    .....      NoTele   +   (boots currently unavailable)
Stlth   ++........              (no amulet)
HPRegen 0.21/turn               (no ring)
MPRegen 0.09/turn               (no ring)

@: tree-form
A: stationary, stasis, torment immunity, boosted hp, (horns 2), (retaliatory
headbutt)
a: no special abilities


You were on level 3 of the Dungeon.
You were a tree.
You visited 1 branch of the dungeon, and saw 3 of its levels.

You collected 118 gold pieces.

Inventory:

Hand Weapons
 a - a +0 hand axe (weapon)
Armour
 b - a +0 robe
 c - a +0 leather armour (melded)
 f - a +0 cloak (melded)
Scrolls
 d - a scroll of vulnerability
 e - a scroll of identify {@rr}
 h - a scroll of fear {unknown}
 i - a scroll of magic mapping {unknown}


   Skills:
 + Level 4.7 Fighting
 + Level 4.6 Axes
 + Level 2.6 Armour
 + Level 4.2 Dodging
 - Level 1.5 Stealth


You had 4 spell levels left.
You didn't know any spells.
Your spell library contained the following spells:

 Spells                   Type           Power      Damage    Failure   Level
 Corpse Rot               Necr/Air       0%         N/A       56%         2
 Poisonous Vapours        Pois/Air       0%         N/A       56%         2


Dungeon Overview and Level Annotations

Branches:
Dungeon (3/15)

Altars:


Innate Abilities, Weirdness & Mutations

You are a tree.
Your roots penetrate the ground, keeping you stationary.
You cannot be teleported.
You are immune to unholy pain and torment.
Your maximum health is greatly increased.
Your equipment is partially melded.
((You have a pair of horns on your head.))
((You reflexively headbutt those who attack you in melee.))


Message History

* * * LOW HITPOINT WARNING * * *
Unknown command.
You feel less confused.
The orc wizard gestures wildly while chanting.
The orc wizard flickers and vanishes!
Deactivating autopickup; reactivate with Ctrl-A.
Unknown command.
There is a stone staircase leading down here.
Something hits you but does no damage.
You climb downwards.
Reactivating autopickup.
The endoplasm quivers.
The endoplasm hits you but does no damage.
The endoplasm freezes you.
You are frozen.
* * * LOW HITPOINT WARNING * * *
Found 2 scrolls labelled BYVINA WUCEP and fire dragon scales.
There is a stone staircase leading up here.
You hit the endoplasm.
You kill the endoplasm!
You hit something. Something hits you.
* * * LOW HITPOINT WARNING * * *
Deactivating autopickup; reactivate with Ctrl-A.
Unknown command.
You closely miss the rat. You hit something. Something hits you.
* * * LOW HITPOINT WARNING * * *
The rat closely misses you. You furiously retaliate!
You headbutt the rat!
You kill the rat!
Unknown command.
Really quaff the potion of lignification?
You turn into a tree.
Your +0 cloak melds into your body.
Your +0 leather armour melds into your body.
Your roots penetrate the ground.
The hobgoblin shouts!
Something hits you but does no damage.
A giant cockroach comes into view.
You hear some strange, mumbled words.
A magic dart appears from out of thin air!
The magic dart hits you!
You die...

##########
#.........
#.........
#.........
#..[......
#....?....
#.........
#.♣†g...... .
#{.........# .#
.......####...##.
...#....## ##.#..
..........# .....
..####..... ...##
. B...#.. #..#
....#... ###<##
#.††o.


You could see a giant cockroach and a hobgoblin.

Vanquished Creatures
  Jessica (D:2)
  A gnoll (D:2)
  4 adders
  A dart slug (D:2)
  6 endoplasms
  4 giant cockroaches
  7 goblins
  5 hobgoblins
  14 jackals
  A quokka (D:1)
  3 ball pythons
  7 bats
  5 frilled lizards
  A kobold (D:1)
  7 rats
67 creatures vanquished.

Notes
Turn   | Place    | Note
-------+----------+-------------------------------------------
     0 | D:1      | Htamos the Minotaur Monk began the quest for the Orb.
     0 | D:1      | Reached XP level 1. HP: 19/19 MP: 0/0
   280 | D:1      | Reached XP level 2. HP: 17/27 MP: 1/1
   292 | D:1      | Reached skill level 1 in Armour
   943 | D:1      | Reached XP level 3. HP: 32/33 MP: 2/2
  1166 | D:2      | Noticed Jessica
  1218 | D:2      | Killed Jessica
  1219 | D:2      | Reached XP level 4. HP: 33/41 MP: 3/3
  2523 | D:3      | Reached XP level 5. HP: 47/47 MP: 4/4
  2542 | D:3      | Found a faded altar of an unknown god.
  2577 | D:3      | Killed from afar by an orc wizard

Illustrated notes

Levels and vault maps discovered:
D:1:      onia_arrival_handbag, layout_rooms, nicolae_figureground_sparkle
D:2:      layout_loops_ring, hangedman_feature_mirror, uniq_jessica
D:3:      layout_rooms, basic_ecumenical_altar

Skill      XL: |  1  2  3 |
---------------+----------+-----
Armour         | 1 2 |  2.6
Fighting       | 4 |  4.7
Axes           | 4 |  4.6
Dodging        | 4 |  4.2
Stealth        | |  1.5

Action                   |  1- 3 |  4- 6 || total
-------------------------+-------+-------++-------
Melee: Hand axe          |    86 |    51 ||   137
       Headbutt          |    13 |     7 ||    20
  Use: Potion            |       |     4 ||     4
       Scroll            |       |     1 ||     1
 Stab: Sleeping          |     4 |       ||     4
Armor: Robe              |    12 |    13 ||    25
       Leather armour    |       |     2 ||     2
       Skin              |       |     1 ||     1
Dodge: Dodged            |    70 |    34 ||   104

Table legend: (Time is in decaauts)
 A = Elapsed time spent in this place.
 B = Non-inter-level travel time spent in this place.
 C = Inter-level travel time spent in this place.
 D = Time resting spent in this place.
 E = Time spent auto-exploring this place.
 F = Levels seen in this place.
 G = Mean time per level.
                   A        B        C        D        E       F      G
               +--------+--------+--------+--------+--------+-----+--------+
         Total |   2593 |   2475 |    118 |    552 |   1296 |   3 |  864.3 |
       Dungeon |   2593 |   2475 |    118 |    552 |   1296 |   3 |  864.3 |
               +--------+--------+--------+--------+--------+-----+--------+

Top non-repeatable levels by time:
     D:2: 1323 daAuts
     D:1: 1222 daAuts
     D:3: 47 daAuts
